 Dungeon Crawl Stone Soup version 0.29.0-15-g675c0067aa (webtiles) character file.

Game seed: 8037495836187146172

24 qw the Sneak (level 3, -1/23 HPs)
             Began as a Gargoyle Delver on Sept 11, 2022.
             Slain by a goblin
             ... wielding a +0 dagger
              (2 damage)
             ... on level 1 of the Dungeon.
             The game lasted 00:00:16 (399 turns).

qw the Sneak (Gargoyle Delver)                       Turns: 399, Time: 00:00:17

Health: -1/23      AC:  6    Str: 17    XL:     3   Next: 2%
Magic:  3/3        EV: 11    Int: 10    God:
Gold:   63         SH:  0    Dex: 11    Spells: 2/2 levels left

rFire   . . .      SeeInvis .   Y - +0 hand axe
rCold   . . .      Faith    .   (no shield)
rNeg    + . .      Spirit   .   b - +0 leather armour
rPois   inf        Reflect  .   (no helmet)
rElec   +          Harm     .   (no cloak)
rCorr   .          Rampage  .   (no gloves)
Will    .....                   (no boots)
Stlth   +++.......              (no amulet)
HPRegen 0.07/turn               (no ring)
MPRegen 0.08/turn               (no ring)

@: no status effects
A: sickness immunity, AC +3, negative energy resistance 1, electricity
resistance, torment resistance 1, petrification resistance
a: no special abilities


You were on level 1 of the Dungeon.
You visited 1 branch of the dungeon, and saw 5 of its levels.

You collected 63 gold pieces.


Innate Abilities, Weirdness & Mutations

You are immune to sickness and miasma.
Your stone body is resilient. (AC +3)
You are immune to poison.
You resist negative energy. (rN+)
You are resistant to electric shocks. (rElec)
You are resistant to unholy torment.
You are immune to petrification.


   Skills:
 - Level 3.2 Fighting
 + Level 3.1 Axes
 - Level 1.5 Dodging
 - Level 5.4 Stealth


You had 2 spell levels left.
You didn't know any spells.
Your spell library was empty.

Inventory:

Hand Weapons
 Y - a +0 hand axe (weapon)
Armour
 b - a +0 leather armour (worn)
Wands
 g - a wand of digging (3)
Potions
 a - a potion of curing {unknown}
 f - a potion of haste

Dungeon Overview and Level Annotations

Branches:
Dungeon (5/15)
 Temple: D:4-7

Altars:
Ru
Zin


Message History

The kobold closely misses you.
You hit the dart slug but do no damage.
The dart slug is almost dead.
You barely miss the kobold. The dart slug launches a dart at you.
The slug dart misses you. The kobold closely misses you.
You hit the dart slug.
You kill the dart slug!
You barely miss the kobold. The kobold hits you but does no damage.
Your Axes skill increases to level 3!
You closely miss the kobold.
The kobold is severely wounded.
The kobold completely misses you.
A goblin comes into view. It is wielding a +0 dagger.
The goblin shouts!
You hit the kobold but do no damage.
The kobold is severely wounded.
The kobold hits you with a +0 dagger.
You closely miss the kobold.
The kobold is severely wounded.
The kobold hits you with a +0 dagger. The kobold hits you but does no damage.
You barely miss the kobold.
The kobold is severely wounded.
The kobold completely misses you.
You hit the kobold.
You kill the kobold!
You have reached level 3!
Your experience leads to an increase in your attributes!
Increase (S)trength, (I)ntelligence, or (D)exterity?
You feel stronger. x2
You barely miss the goblin. The goblin hits you but does no damage.
You hit the goblin but do no damage. The goblin hits you but does no damage.
You closely miss the goblin. The goblin closely misses you.
You barely miss the goblin. The goblin closely misses you.
The goblin hits you with a +0 dagger.
You die...

_...........##....##.###
...
............##....##....
..#
............#########...
##......................
#......................
#......................
#.#########............
#. #............
#....@g......
.......%)......
###......[.....
#.?..........
#............
#####........ ######...
...


You could see a goblin.

Vanquished Creatures
  An adder (D:2)
  A dart slug (D:1)
  A bat (D:1)
  3 endoplasms
  2 kobolds (D:1)
  A ball python (D:2)
  A frilled lizard (D:1)
  3 rats
13 creatures vanquished.

Notes
Turn   | Place    | Note
-------+----------+-------------------------------------------
     0 | D:5      | qw the Gargoyle Delver began the quest for the Orb.
     0 | D:5      | Reached XP level 1. HP: 14/14 MP: 1/1
     0 | D:5      | 0 ||| qw: Version: 0.1-a-117-gfe26ee0
     0 | D:5      | 0 ||| qw: Game counter: 9940
     0 | D:5      | 0 ||| qw: Always use a shield: true
     0 | D:5      | 0 ||| qw: God list: Okawaru
     0 | D:5      | 0 ||| qw: Allow faded altars: false
     0 | D:5      | 0 ||| qw: Do Orc after D:15 true
     0 | D:5      | 0 ||| qw: Do second Lair branch before Depths: true
     0 | D:5      | 0 ||| qw: Lair rune preference: random
     0 | D:5      | 0 ||| qw: Plans: Normal
     0 | D:5      | 0 ||| PLANNING D:1-11
     0 | D:5      | 0 ||| DROPPING scroll of fog.
     1 | D:5      | 1 ||| DROPPING scroll of magic mapping.
     2 | D:5      | 2 ||| DROPPING scroll of fear.
     8 | D:4      | Found a glowing silver altar of Zin.
    34 | D:3      | 34 ||| FLEEEEING.
    35 | D:3      | 35 ||| FLEEEEING.
    36 | D:3      | 36 ||| STAIRDANCE
    59 | D:2      | Reached XP level 2. HP: 16/19 MP: 2/2
   129 | D:1      | Found a faded altar of an unknown god.
   154 | D:1      | You fall into a shaft and drop 1 floor!
   230 | D:2      | Found a sacrificial altar of Ru.
   289 | D:2      | 289 ||| READING scroll labelled UGGECW MUFON.
   293 | D:2      | 293 ||| FLEEEEING.
   294 | D:2      | 294 ||| STAIRDANCE
   390 | D:1      | Reached skill level 3 in Axes
   391 | D:1      | HP: 3/19 [kobold/+0 dagger (2)]
   392 | D:1      | HP: 1/19 [kobold/+0 dagger (3)]
   395 | D:1      | Reached XP level 3. HP: 1/23 MP: 3/3
   399 | D:1      | Slain by a goblin

Levels and vault maps discovered:
D:1:      lemuel_arrival_tunnels, layout_basic,
          dreamdust_ecumenical_altar_statues, corexii_leaking_fountain
D:2:      layout_loops_corners, serial_shops, nicolae_shop_statue_plus,
          basic_altar, uniq_sigmund
D:3:      layout_loops_cross, nicolae_overflow_crystal_walls, serial_shops,
          nicolae_shop_window_shopping
D:4:      layout_loops_cross, mainiacjoe_overflow_boulevard, fedhas_altar_2,
          serial_shops, nicolae_take_the_stairs, grunt_ministairs_1, uniq_edmund
D:5:      layout_cave_pools, kennysheep_ying_yang,
          nicolae_gozag_cash_rules_everything_around_me,
          minmay_temple_entry_arrows, serial_co_window_serial,
          co_window_paths_a, co_window_paths_a, co_window_paths_a,
          co_window_paths_a, co_window_paths_a, co_window_corner_a,
          co_window_corner_b, co_window_corner_b, co_window_2corner,
          eino_small_chamber_without_monster, nicolae_shop_self_help,
          uniq_crazy_yiuf_cottage

Skill      XL: |  1  2 |
---------------+-------+-----
Axes           | 2 3 |  3.1
Fighting       | |  3.2
Dodging        | |  1.5
Stealth        | |  5.4

Action                   || total
-------------------------++-------
Melee: Hand axe          ||    40
       Punch             ||     1
  Use: Scroll            ||     1
Armor: Leather armour    ||    18
Dodge: Dodged            ||    23

Table legend:
 A = Non-vault XP
 B = Vault XP
 C = Vault XP percentage of total XP
 D = Non-vault monster count
 E = Vault monster count
 F = Vault count percentage of total count
                 A         B        C        D         E       F
            +---------+---------+-------+---------+---------+-------
      Total |      35 |       0 |   0.0 |      13 |       0 |   0.0
            +---------+---------+-------+---------+---------+-------
        D:1 |      17 |       0 |   0.0 |       9 |       0 |   0.0
        D:2 |      18 |       0 |   0.0 |       4 |       0 |   0.0
            +---------+---------+-------+---------+---------+-------
